 Dungeon Crawl Stone Soup version 0.23.2-1-ga50397a6bc (webtiles) character file.

Game seed: 4777914527664302232

304 Mrkan the Poker (level 6, 0/38 HPs)
             Began as a Tengu Fighter on May 19, 2019.
             Succumbed to a worker ant's poison
             ... on level 3 of the Dungeon.
             The game lasted 00:06:21 (2794 turns).

Mrkan the Poker (Tengu Fighter)                     Turns: 2794, Time: 00:06:21

Health: 0/38       AC:  7    Str: 24    XL:     6   Next: 38%
Magic:  7/7        EV:  7    Int:  8    God:
Gold:   191        SH:  9    Dex: 13    Spells: 5/5 levels left

rFire    . . .     SeeInvis .   a - +0 trident
rCold    . . .     Gourm    .   c - +0 shield
rNeg     . . .     Faith    .   b - +0 scale mail
rPois    .         Spirit   .   (helmet restricted)
rElec    .         Reflect  .   (no cloak)
rCorr    .         Harm     .   (no gloves)
MR       .....                  (boots unavailable)
Stlth    ..........             (no amulet)
HPRegen  0.12/turn              (no ring)
MPRegen  0.10/turn              (no ring)

@: mighty, lethally poisoned (0 -> -17)
A: beak, talons 3, able to fly
a: Fly


You were on level 3 of the Dungeon.
You were very hungry.

You visited 1 branch of the dungeon, and saw 4 of its levels.

You collected 191 gold pieces.

Inventory:

Hand Weapons
 a - a +0 trident (weapon)
 r - a +4 spear
Armour
 b - a +0 scale mail (worn)
 c - a +0 shield (worn)
 h - a +0 chain mail
 o - a +0 large shield
Jewellery
 l - an uncursed ring of stealth {unknown}
Scrolls
 e - 4 scrolls of random uselessness {unknown}
 g - 2 scrolls of teleportation {unknown}
 i - 3 scrolls of enchant weapon {unknown}
 m - a scroll of fog {unknown}
 n - a scroll of immolation {unknown}
 p - a scroll of amnesia {unknown}
 q - a scroll of identify {unknown}
Potions
 k - a potion of curing {unknown}
Comestibles
 f - 5 rations


   Skills:
 + Level 4.2 Fighting
 * Level 5.3 Polearms
 + Level 4.7 Armour
 - Level 3.0 Shields


You had 5 spell levels left.
You didn't know any spells.
Your spell library was empty.

Dungeon Overview and Level Annotations

Branches:
Dungeon (4/15)
 Temple: D:4-7

Altars:


Innate Abilities, Weirdness & Mutations

You have a beak for a mouth.
You have claws for feet.
You can fly continuously.


Message History

You feel very sick. You block the worker ant's attack.
The worker ant barely misses you.
The worker ant bites you but does no damage.
You puncture the worker ant!
You kill the worker ant!
* * * LOW HITPOINT WARNING * * *
You feel sick. The worker ant bites you.
* * * LOW HITPOINT WARNING * * *
* * * LOW HITPOINT WARNING * * *
You feel sick.
You see here 22 arrows.
You hit the worker ant.
You claw the worker ant, but do no damage.
You peck the worker ant.
The worker ant is heavily wounded.
* * * LOW HITPOINT WARNING * * *
You feel sick. You block the worker ant's attack.
You puncture the worker ant!
You kill the worker ant!
You die...

#.####....## ##.# #......
.^.....#### #..# ##......
..#######.# #.###########.......
#..######.####...........).÷.....
##.##.[...................#......
#.##.......................#####
#÷##......................##
#.##......................#
##.............>@..........#
.###.......................#
.###.......................#
).##.....................###
>..).............#####.####
....##...####...## ###....###
#...##.#####..### #........#
.....#.##<...### #.##.....#
.###.#..[).....#####.##.....#


There were no monsters in sight!

Vanquished Creatures
  A hound (D:4)
  Natasha (D:3)
  Terence (D:3)
  2 worker ants (D:3)
  Robin (D:3)
  5 adders (D:3)
  2 oozes (D:1)
  3 worms
  A dart slug (D:2)
  2 leopard geckos
  7 orcs
  2 ball pythons (D:2)
  11 bats
  5 giant cockroaches
  12 goblins
  12 hobgoblins
  3 jackals (D:1)
  A quokka (D:2)
  3 frilled lizards
  13 kobolds
  7 rats
95 creatures vanquished.

Notes
Turn   | Place    | Note
-------+----------+-------------------------------------------
     0 | D:1      | Mrkan the Tengu Fighter began the quest for the Orb.
     0 | D:1      | Reached XP level 1. HP: 14/14 MP: 2/2
   218 | D:1      | Reached XP level 2. HP: 18/19 MP: 3/3
   291 | D:1      | Reached skill level 3 in Polearms
   332 | D:1      | Reached XP level 3. HP: 22/23 MP: 4/4
  1075 | D:2      | Reached XP level 4. HP: 26/28 MP: 5/5
  1466 | D:3      | Noticed Robin
  1481 | D:3      | Killed Robin
  1481 | D:3      | Reached skill level 4 in Polearms
  1571 | D:3      | Gained mutation: You can fly continuously. [Tengu growth]
  1571 | D:3      | Reached XP level 5. HP: 10/33 MP: 6/6
  1771 | D:3      | Noticed Terence
  2041 | D:3      | Killed Terence
  2264 | D:3      | Noticed Natasha
  2510 | D:3      | Killed Natasha
  2510 | D:3      | Reached skill level 5 in Polearms
  2510 | D:3      | Reached XP level 6. HP: 7/38 MP: 7/7
  2794 | D:3      | Succumbed to a worker ant's poison

Skill      XL: |  1  2  3  4  5 |
---------------+----------------+-----
Polearms       | 3 4 5 |  5.3
Armour         | 4 |  4.7
Fighting       | 4 |  4.2
Shields        | |  3.0

Action                   |  1- 3 |  4- 6 || total
-------------------------+-------+-------++-------
Melee: Trident           |   106 |   152 ||   258
       Kick              |    25 |    37 ||    62
       Peck              |    12 |    22 ||    34
  Use: Potion            |       |     2 ||     2
  Eat: Chunk             |       |     5 ||     5
Armor: Scale mail        |    52 |    70 ||   122
Dodge: Dodged            |    27 |    50 ||    77
Block: Shield            |    47 |    70 ||   117
